AoeStats
← ING.PATRICK

Arena

508672548Analyzed
4v4 RM · 9d ago on Sep 23, 2026· 43m 43s· 8 players
Game mode
Random Map
Map size
Large (8 player)
Population
200
Speed
Normal
Resources
Standard
Victory
Conquest
Starting age
Dark Age
Ending age
Imperial Age
RankedLock teamsTeams togetherTeam positionsShared explorationLock speedFull tech treeHidden civsTurbo modeCheats
Victory
Defeat
🇨🇴 Persians · Colombia
1616
+6
🇵🇪 Vikings · Peru
1415
+12
🇪🇸 Teutons · Spain
1329
+16
🇲🇽 Slavs · Mexico
973
+26
🇪🇸 Vietnamese · Spain
1346
-16
🇷🇺 Italians · Russia
1321
-15
🇨🇴 Persians · Colombia
1319
-15
🇨🇴 Mongols · Colombia
1290
-14
ofespinelman
10:14 Feudal Age
10:17 Loom
12:13 Fletching
pataka
10:33 Feudal Age
15:24 Castle Age
13:40 Double-Bit Axe
18:27 Wheelbarrow
18:46 Horse Collar
22:39 Hand Cart
24:32 Town Watch
24:33 Loom
26:03 Gold Mining
28:49 Imperial Age
27:39 Forging
27:35 Scale Barding Armor
28:05 Town Patrol
29:22 Iron Casting
29:00 Husbandry
29:10 Bloodlines
29:36 Elite Battle Elephant
31:37 Chain Barding Armor
31:42 Bow Saw
31:40 Pikeman
32:20 Squires
33:22 Halberdier
34:04 Scale Mail Armor
35:53 Chain Mail Armor
36:27 Plate Barding Armor
37:39 Plate Mail Armor
spirrulina
10:20 Feudal Age
13:55 Castle Age
12:33 Horse Collar
15:20 Double-Bit Axe
16:25 Bow Saw
18:25 Heavy Plow
19:55 Wheelbarrow
21:21 Loom
21:31 Loom
23:48 Gold Mining
24:37 Hand Cart
24:08 Loom
28:32 Imperial Age
26:15 Scale Mail Armor
26:25 Forging
26:54 Stone Mining
28:01 Chain Mail Armor
28:21 Iron Casting
27:52 Squires
27:38 Arson
29:47 Plate Mail Armor
30:17 Blast Furnace
30:27 Two-Man Saw
31:42 Crop Rotation
33:02 Chemistry
32:08 Pikeman
35:16 Stone Shaft Mining
36:10 Ballistics
35:47 Murder Holes
35:43 Fletching
35:53 Padded Archer Armor
39:27 Treadmill Crane
39:57 Masonry
39:43 Bodkin Arrow
40:03 Leather Archer Armor
40:58 Conscription
42:35 Fortified Wall
43:11 Conscription
43:30 Bracer
SMNT - KMUS
10:59 Feudal Age
14:57 Castle Age
13:49 Loom
13:51 Double-Bit Axe
14:58 Bloodlines
21:17 Bow Saw
22:39 Wheelbarrow
22:22 Horse Collar
25:21 Scale Barding Armor
26:37 Chain Barding Armor
27:33 Gold Mining
27:33 Stone Mining
28:47 Forging
28:28 Fletching
29:16 Hand Cart
32:52 Imperial Age
30:28 Town Watch
32:07 Iron Casting
31:29 Bodkin Arrow
31:50 Husbandry
31:21 Light Cavalry
32:15 Heavy Plow
33:40 Conscription
32:58 Cavalier
35:51 Chemistry
34:53 Padded Archer Armor
35:29 Plate Barding Armor
34:20 Hussar
35:47 Gold Shaft Mining
El coco
6:15 Loom
8:45 Feudal Age
9:11 Town Watch
10:07 Fletching
17:12 Double-Bit Axe
20:07 Horse Collar
24:54 Castle Age
24:50 Gold Mining
24:51 Stone Mining
26:06 Bow Saw
25:58 Heavy Plow
27:02 Stone Shaft Mining
27:06 Fortified Wall
27:32 Masonry
28:17 Wheelbarrow
29:43 Guard Tower
30:40 Hand Cart
30:25 Town Patrol
32:38 Ballistics
38:56 Imperial Age
36:33 Bodkin Arrow
36:51 Padded Archer Armor
37:37 Scale Mail Armor
37:47 Forging
38:16 Leather Archer Armor
39:08 Chain Mail Armor
41:33 Siege Engineers
42:28 Chemistry
41:33 Siege Engineers
42:04 Keep
40:52 Pikeman
41:32 Squires
41:17 Arson
41:18 Gambesons
42:06 Ring Archer Armor
42:13 Iron Casting
42:08 Plate Mail Armor
44:31 Bombard Tower
jmolinao
9:58 Feudal Age
11:13 Loom
13:52 Castle Age
12:05 Double-Bit Axe
12:33 Horse Collar
14:56 Bow Saw
20:39 Wheelbarrow
21:20 Town Watch
21:45 Heavy Plow
22:51 Stone Mining
23:45 Hand Cart
23:49 Gold Mining
25:12 Gold Shaft Mining
28:54 Imperial Age
27:25 Scale Barding Armor
27:31 Forging
27:37 Bloodlines
27:27 Husbandry
27:41 Devotion
28:56 Chain Barding Armor
29:44 Iron Casting
29:31 Conscription
29:02 Elite War Elephant
30:40 Plate Barding Armor
31:33 Blast Furnace
34:51 Citadels
35:05 Fletching
37:31 Chemistry
36:51 Ballistics
38:09 Crop Rotation
42:57 Kamandaran
43:10 Masonry
43:11 Careening
RRORRO
5:10 Loom
10:49 Feudal Age
11:40 Double-Bit Axe
17:40 Castle Age
16:16 Horse Collar
17:50 Wheelbarrow
21:39 Heavy Plow
21:51 Bow Saw
22:11 Stone Mining
22:15 Gold Mining
24:26 Squires
23:47 Pikeman
26:17 Gold Shaft Mining
28:32 Husbandry
28:42 Bloodlines
32:42 Imperial Age
30:33 Hand Cart
30:05 Town Watch
36:06 Scale Mail Armor
36:16 Forging
38:54 Halberdier
40:27 Heavy Scorpion
ING.PATRICK
8:31 Feudal Age
8:58 Double-Bit Axe
8:56 Horse Collar
17:03 Castle Age
22:07 Bow Saw
27:17 Atonement
30:16 Imperial Age
27:57 Scale Mail Armor
28:44 Squires
29:44 Chieftains
30:06 Chain Mail Armor
30:02 Forging
31:27 Plate Mail Armor
30:58 Elite Varangian Guard
33:09 Iron Casting
32:56 Conscription
32:36 Arson
32:43 Loom
35:49 Blast Furnace
35:24 Heavy Plow
37:49 Two-Man Saw
36:44 Gold Mining
40:01 Crop Rotation
40:33 Gold Shaft Mining
39:49 Stone Mining
Connection lost

Rejoining the realm…

Still unreachable

The connection could not be restored.

Session expired

The server has moved on; the page needs a fresh start.